 Dungeon Crawl Stone Soup version 0.29.1-15-g9cfb28693d (webtiles) character file.

Game seed: 11860853533359423020

344 KittyFluff the Cudgeller (level 6, -1/39 HPs)
             Began as a Gargoyle Berserker on Apr 26, 2023.
             Was a Believer of Trog.
             Slain by an orc wizard
             ... wielding a +0 dagger
              (4 damage)
             ... on level 3 of the Dungeon.
             The game lasted 00:12:18 (2373 turns).

KittyFluff the Cudgeller (Gargoyle Berserker)       Turns: 2373, Time: 00:12:18

Health: -1/39      AC:  7    Str: 21    XL:     6   Next: 58%
Magic:  6/6        EV: 12    Int:  7    God:    Trog [**....]
Gold:   76         SH:  0    Dex: 11    Spells: 5/5 levels left

rFire   . . .      SeeInvis .   a - +0 mace (freeze)
rCold   . . .      Faith    .   (no shield)
rNeg    + . .      Spirit   .   g - +0 leather armour
rPois   ∞          Reflect  .   (no helmet)
rElec   +          Harm     .   (no cloak)
rCorr   .          Rampage  .   (no gloves)
Will    +....                   (no boots)
Stlth   +.........              (no amulet)
HPRegen 0.13/turn               l - ring of willpower
MPRegen 0.10/turn               (no ring)

@: no status effects
A: sickness immunity, AC +4, negative energy resistance 1, electricity
resistance, torment resistance 1, petrification resistance
a: Renounce Religion, Berserk, Trog's Hand


You were on level 3 of the Dungeon.
You worshipped Trog.
Trog was pleased with you.
You visited 1 branch of the dungeon, and saw 3 of its levels.
You also visited: Sewer.

You collected 76 gold pieces.

Inventory:

Hand Weapons
 a - a +0 mace of freezing (weapon)
Missiles
 f - 9 boomerangs (quivered)
Armour
 g - a +0 leather armour (worn)
 i - the +0 ring mail "Butewyet" {+Blink Fly rElec Int-4}
   (You found it on level 2 of the Dungeon)

   Int:       It affects your intelligence (-4).
   rElec:     It insulates you from electricity.
   Fly:       It grants you flight.
   +Blink:    It lets you blink.
Jewellery
 l - a ring of willpower (left hand)
Scrolls
 c - 2 scrolls of amnesia
 d - 3 scrolls of identify
 e - 3 scrolls of enchant armour {unknown}
 k - a scroll of enchant weapon {unknown}
 m - a scroll of summoning {unknown}
Potions
 b - 2 potions of mutation
 h - a potion of flight {unknown}


   Skills:
 + Level 4.4 Fighting
 + Level 5.0 Maces & Flails
 * Level 4.0 Armour
 + Level 2.6 Dodging
 + Level 1.1 Stealth


You had 5 spell levels left.
You didn't know any spells.
Your spell library was empty.

Dungeon Overview and Level Annotations

Branches:
Dungeon (3/15)              Sewer (visited)

Altars:

Shops:
D:1 =


Innate Abilities, Weirdness & Mutations

You are immune to sickness and miasma.
Your stone body is resilient. (AC +4)
You are immune to poison.
You resist negative energy. (rN+)
You are resistant to electric shocks. (rElec)
You are resistant to unholy torment.
You are immune to petrification.


Message History

Press: ? - help, Q - select action, (/) - cycle Shift-Dir - straight line, f/p - orc wizard
Aim: an orc wizard, wielding a +0 dagger and wearing a +0 robe (50% to hit)
You throw a boomerang.
The boomerang closely misses the orc wizard.
You start resting.
An orc wizard is nearby!
You barely miss the orc wizard.
The orc wizard gestures at you while chanting.
The puff of flame hits you!
* * * LOW HITPOINT WARNING * * *
You hit the orc wizard.
The orc wizard is lightly wounded.
The orc wizard hits you but does no damage.
The orc wizard barely misses you.
You hit the orc wizard.
The orc wizard is heavily wounded.
An orc comes into view. It is wielding a +0 club.
The orc wizard gestures wildly while chanting.
The orc wizard flickers and vanishes!
Deactivating autopickup; reactivate with Ctrl-A.
You closely miss something.
The orc shouts!
Something hits you.
* * * LOW HITPOINT WARNING * * *
As you read the scroll labelled ASOINOU WAFO, it crumbles to dust.
It is a scroll of identify.
b - 2 potions of mutation Something hits you but does no damage.
As you read the scroll labelled CAUFUOSUBEKK, it crumbles to dust.
It is a scroll of amnesia.
You feel forgetful for a moment.
You hear some strange, mumbled words.
Something tries to affect you, but you resist.
As you read the scroll labelled LIUCRI WUFIXZIPNU, it crumbles to dust.
It is a scroll of brand weapon.
Your +0 mace is covered with a thin layer of ice!
a - a +0 mace of freezing (weapon)
You recover from your berserk rage.
Something hits you.
You die...

#........##. ..##......
#.........o. ..........
#.......... ..........
#........# ..##......
.......#.##..##.#.....
#....#.#.#..#.#.#....
#....##.#....#.##....
#).{#o##......##.#...
#..#@#..[.......#.#..
#..##)...........##..
#.#................#.
.#.....)..............
#................######
##################


You could see an orc.

Vanquished Creatures
  2 bullfrogs (Sewer)
  2 orc wizards (D:3)
  4 gnolls (D:3)
  6 adders (Sewer)
  A dart slug (D:3)
  2 orcs (D:3)
  4 ball pythons
  4 bats (D:1)
  2 endoplasms (D:3)
  10 giant cockroaches
  4 goblins
  2 hobgoblins
  3 jackals (D:1)
  9 quokkas
  14 frilled lizards
  4 kobolds
  3 rats
76 creatures vanquished.

Notes
Turn   | Place    | Note
-------+----------+-------------------------------------------
     0 | D:1      | KittyFluff the Gargoyle Berserker began the quest for the
                  | Orb.
     0 | D:1      | Reached XP level 1. HP: 14/14 MP: 1/1
   273 | D:1      | Found Hirugan's Jewellery Boutique.
   336 | D:1      | Reached XP level 2. HP: 19/19 MP: 2/2
   878 | D:2      | Found a faded altar of an unknown god.
   914 | D:2      | Reached XP level 3. HP: 19/23 MP: 3/3
  1132 | D:2      | Reached ** piety under Trog
  1141 | D:2      | Identified the +0 ring mail "Butewyet" {+Blink Fly rElec
                  | Int-4}
  1509 | D:3      | Found a glowing drain.
  1552 | Sewer    | Entered a sewer
  1597 | Sewer    | Reached XP level 4. HP: 26/29 MP: 4/4
  1783 | Sewer    | Reached skill level 4 in Maces & Flails
  1960 | Sewer    | Noticed a bullfrog
  1961 | Sewer    | Noticed a bullfrog
  1968 | Sewer    | Killed a bullfrog
  1969 | Sewer    | Reached XP level 5. HP: 27/33 MP: 5/5
  1971 | Sewer    | Reached skill level 1 in Stealth
  1971 | Sewer    | Reached XP level 6. HP: 29/38 MP: 6/6
  2314 | D:3      | Reached *** piety under Trog
  2325 | D:3      | Reached skill level 5 in Maces & Flails
  2373 | D:3      | Slain by an orc wizard

Illustrated notes

Levels and vault maps discovered:
D:1:      minmay_arrival_wavy_path, layout_basic, serial_shops,
          nicolae_shop_advertising_works [nicolae_subvault_shop_adworks]
D:2:      layout_loops_ring, nicolae_ecumenical_pavilion
D:3:      layout_rooms, gup_sewer_entry_pipe, minmay_misc_feat_plants,
          minmay_misc_feat_secret_circle, uniq_robin

Skill      XL: |  1  2  3  4  5  6 |
---------------+-------------------+-----
Dodging        | 2 |  2.6
Armour         | 3 4 |  4.0
Maces & Flails | 4 5 |  5.0
Fighting       | 4 |  4.4
Stealth        | 1 |  1.1

Action                   |  1- 3 |  4- 6 || total
-------------------------+-------+-------++-------
Melee: Mace              |   106 |   129 ||   235
Throw: Boomerang         |       |     2 ||     2
Invok: Berserk           |       |     2 ||     2
  Use: Scroll            |       |     3 ||     3
 Stab: Sleeping          |     1 |       ||     1
Armor: Animal skin       |    21 |       ||    21
       Leather armour    |    29 |    48 ||    77
Dodge: Dodged            |    79 |    81 ||   160
